 Dungeon Crawl Stone Soup version 0.29-a0-649-g45c230d69a (webtiles) character file.

Game seed: 16923384067113225190

125279 KristoblXynda the Fencer (level 16, 0/138 (141) HPs)
             Began as a Grey Draconian Monk on June 20, 2022.
             Was an Initiate of Gozag.
             Killed by vampiric draining
             ... invoked by a vampire knight
              (8 damage)
             ... on level 1 of the Depths on June 21, 2022.
             The game lasted 00:56:49 (38202 turns).

KristoblXynda the Fencer (Grey Draconian Monk)     Turns: 38202, Time: 00:56:49

HP:   0/138 (141)   AC: 25    Str: 11 (13) XL:     16   Next: 41%
MP:   16/16         EV: 22    Int: 15 (25) God:    Gozag
Gold: 8380          SH: 19    Dex: 14      Spells: 11/15 levels left

rFire   . . .      SeeInvis .   l - +7 scimitar of Bursted True Grit {vamp, rC+ Will+}
rCold   + + +      Faith    .   B - +2 kite shield {AC+3}
rNeg    . . .      Spirit   .   (body armour unavailable)
rPois   .          Reflect  +   A - +1 hat
rElec   +          Harm     .   k - +0 cloak "Ryzewaud" {rElec rC+ rCorr}
rCorr   +          Rampage  .   C - +1 pair of gloves
Will    +++..                   H - +3 pair of mountain boots {rDislodge, rC+}
Stlth   ++........              y - amulet of reflection
HPRegen 0.33/turn               c - ring "Qetatim" {rC+ Will+ Str-3 Int+6 Slay+3}
MPRegen 0.15/turn               e - ring "Taxog" {EV+4 Int+3}

@: lightly drained
A: AC +14, amphibious, unfitting armour, cold-blooded, antennae 1, stinger 2,
deterioration 1
a: Renounce Religion, Potion Petition, Call Merchant, Bribe Branch


You were on level 1 of the Depths.
You worshipped Gozag.
Gozag was greatly pleased with you.
You visited 5 branches of the dungeon, and saw 25 of its levels.
You also visited: Ossuary and Gauntlet.

You collected 10377 gold pieces.
You spent 1997 gold pieces at shops.

Inventory:

Hand Weapons
 l - the +7 scimitar of Bursted True Grit (weapon) {vamp, rC+ Will+}
   (You found it on level 2 of the Lair of Beasts)

   It occasionally heals its wielder for a portion of the damage dealt when it
   wounds a living foe.
   rC:        It protects you from cold.
   Will:      It increases your willpower.
 J - a +4 scimitar of flaming
Missiles
 x - a throwing net (quivered)
Armour
 k - the +0 cloak "Ryzewaud" (worn) {rElec rC+ rCorr}
   (You found it in a Gauntlet)

   rC:        It protects you from cold.
   rElec:     It insulates you from electricity.
   rCorr:     It protects you from acid and corrosion.
 A - a +1 hat (worn)
 B - a +2 kite shield of protection (worn)
 C - a +1 pair of gloves (worn)
 H - the +3 pair of mountain boots (worn) {rDislodge, rC+}
   (You found it on level 3 of the Lair of Beasts)

   It prevents involuntary movement from physical forces.
   rC:        It protects you from cold.
Jewellery
 c - the ring "Qetatim" (left hand) {rC+ Will+ Str-3 Int+6 Slay+3}
   (You took it off a minotaur in a Gauntlet)

   [ring of intelligence]

   Str:       It affects your strength (-3).
   Int:       It affects your intelligence (+6).
   Slay:      It affects your accuracy & damage with ranged weapons and melee
   (+3).
   rC:        It protects you from cold.
   Will:      It increases your willpower.
 e - the ring "Taxog" (right hand) {EV+4 Int+3}
   (You bought it in a shop on level 10 of the Dungeon)

   [ring of evasion]

   EV:        It affects your evasion (+4).
   Int:       It affects your intelligence (+3).
 n - the ring "Icryl" {*Corrode rC+ Will+ Int+6 Dex+3}
   (You found it on level 14 of the Dungeon)

   [ring of intelligence]

   Int:       It affects your intelligence (+6).
   Dex:       It affects your dexterity (+3).
   rC:        It protects you from cold.
   *Corrode:  It may corrode you when you take damage.
   Will:      It increases your willpower.
 y - an amulet of reflection (around neck)
 I - the ring "Luegrig" {Fly rElec rC- Dex+7 Stlth-}
   (You found it on level 14 of the Dungeon)

   [ring of flight]

   Dex:       It affects your dexterity (+7).
   rC:        It makes you vulnerable to cold.
   rElec:     It insulates you from electricity.
   Fly:       It grants you flight.
   Stlth:     It makes you less stealthy.
Wands
 u - a wand of light (1)
 L - a wand of iceblast (9)
Scrolls
 a - a scroll of amnesia
 p - 2 scrolls of magic mapping
 q - 5 scrolls of teleportation
 r - 2 scrolls of fog
 v - 3 scrolls of summoning
 E - 2 scrolls of blinking
 K - a scroll of silence
Potions
 b - 3 potions of ambrosia
 f - 4 potions of curing
 g - 3 potions of heal wounds
 i - a potion of lignification
 j - 4 potions of haste
 m - 6 potions of flight
 o - 4 potions of attraction
 s - 2 potions of invisibility
 w - 2 potions of magic
 z - 3 potions of cancellation
 D - a potion of berserk rage
 G - 3 potions of resistance
Miscellaneous
 h - a tin of tremorstones (2/2)
 t - a box of beasts


   Skills:
 + Level 12.8 Fighting
 + Level 17.1 Long Blades
 + Level 14.5 Dodging
 - Level 1.7 Stealth
 + Level 12.1 Shields
 - Level 5.0 Conjurations
 - Level 10.2 Evocations


You had 11 spell levels left.
You knew the following spells:

 Your Spells              Type           Power      Damage    Failure   Level
a - Fulminant Prism       Conj/Hex       3%         3d6       88%         4

Your spell library contained the following spells:

 Spells                   Type           Power      Damage    Failure   Level
 Magic Dart               Conj           60%        1d6       7%          1
 Searing Ray              Conj           30%        2d5       11%         2
 Static Discharge         Conj/Air       7%         N/A       28%         2
 Apportation              Tloc           0%         N/A       47%         1
 Conjure Flame            Conj/Fire      7%         6-21      50%         3
 Dazzling Flash           Conj/Hex       14%        N/A       50%         3
 Call Canine Familiar     Summ           0%         N/A       85%         3
 Gell's Gravitas          Tloc           0%         N/A       85%         3
 Ignite Poison            Fire/Tmut/Pois 0%         N/A       85%         3
 Inner Flame              Hex/Fire       0%         N/A       85%         3
 Ozocubu's Armour         Ice            0%         N/A       85%         3
 Portal Projectile        Hex/Tloc       0%         N/A       85%         3
 Teleport Other           Tloc           0%         N/A       85%         3
 Tukima's Dance           Hex            0%         N/A       85%         3
 Iskenderun's Mystic Bla  Conj/Tloc      7%         2d4       88%         4
 Sticky Flame             Conj/Fire      7%         2d3       88%         4
 Anguish                  Hex/Necr       0%         N/A       99%         4
 Cause Fear               Hex            0%         N/A       99%         4
 Dispel Undead            Necr           0%         3d6       99%         4
 Leda's Liquefaction      Hex/Erth       0%         N/A       99%         4
 Passage of Golubria      Tloc           0%         N/A       99%         4
 Summon Ice Beast         Ice/Summ       0%         N/A       99%         4
 Alistair's Intoxication  Tmut/Pois      0%         N/A       100%        5
 Lee's Rapid Deconstruct  Erth           0%         3d5*      100%        5
 Metabolic Englaciation   Hex/Ice        0%         N/A       100%        5
 Silence                  Hex/Air        0%         N/A       100%        5
 Summon Mana Viper        Hex/Summ       0%         N/A       100%        5
 Yara's Violent Unravell  Hex/Tmut       0%         3d3       100%        5
 Dispersal                Tloc           0%         N/A       100%        6
 Starburst                Conj/Fire      3%         6d3       100%        6
 Statue Form              Tmut/Erth      0%         N/A       100%        6
 Enfeeble                 Hex            0%         N/A       100%        7
 Monstrous Menagerie      Summ           0%         N/A       100%        7
 Discord                  Hex            0%         N/A       100%        8
 Lehudib's Crystal Spear  Conj/Erth      3%         10d3      100%        8
 Simulacrum               Ice/Necr       Unusable   N/A       N/A         6

Dungeon Overview and Level Annotations

Branches:
Dungeon (15/15)            Temple (1/1) D:6            Lair (6/6) D:8
 Shoals (0/4) Lair:2       Spider (0/4) Lair:2        Slime (0/5) Lair:5
    Orc (2/2) D:11            Elf (0/3) Orc:2        Vaults (0/5) D:13
 Depths (1/4) D:15        Ossuary (visited)         Gauntlet (visited)

Altars:
Ashenzari
Cheibriados
Dithmenos
Elyvilon
Fedhas
Gozag
Hepliaklqana
Kikubaaqudgha
Makhleb
Nemelex Xobeh
Okawaru
Qazlal
Ru
Sif Muna
Trog
Uskayaw
Vehumet
Wu Jian
Xom
Yredelemnul
Zin
The Shining One
Beogh
Jiyva

Shops:
D:1 (   D:6 :!*(   D:9 =   D:10 =   D:12 (   Orc:2 ?[:!

Annotations:
Orc:1 2 transporters


Innate Abilities, Weirdness & Mutations

Your dull iron-grey scales are very hard. (AC +14)
You are amphibious.
You cannot fit into any form of body armour.
You are cold-blooded and may be slowed by cold attacks.
You have a pair of small antennae on your head.
Your tail ends in a sharp venomous barb.
Your body sometimes deteriorates upon taking damage.


Message History

The deep troll earth mage simulacrum vaporises!
Something barely misses you. Something bites you but does no damage.
You slice something!! Something hits you but does no damage.
Something bites you but does no damage. Something hits you!!
Your body deteriorates!
You feel weakened. Something bites you but does no damage.
You barely miss something. Something hits you!
Your body deteriorates!
You feel dopey. Something barely misses you.
You slash something! Something draws life force from you!!
Your body deteriorates!
You feel weakened.
You miss something.
You hear some strange, mumbled words.
Something tries to affect you, but you resist.
You barely miss something. Something hits you. Something bites you.
Something draws strength from your injuries!
Something closely misses you. Something bites you but does no damage.
You hit something. Something barely misses you. You block something's attack.
You slash something! You block something's attack. Something bites you.
Something draws strength from your injuries!
You slash something! You block something's attack. Something bites you.
Something draws strength from your injuries!
You hit something but do no damage.
Your tail-slap misses something.
Something barely misses you. Something bites you but does no damage.
You hit something but do no damage. Something draws life force from you.
Something draws life force from you!!
* * * LOW HITPOINT WARNING * * *
You closely miss something. Something hits you!
* * * LOW HITPOINT WARNING * * *
You block something's attack.
The hell knight prays to its god.
The hell knight seems to speed up.
Unknown command.
Okay, then.
Something barely misses you. Something bites you.
* * * LOW HITPOINT WARNING * * *
Something draws strength from your injuries!
Something draws life force from you!
You die...
Your body crumbles into a pile of gold.

.....^...........
........$.≈≈≈≈...
..........≈≈≈≈.#..
..........≈≈≈≈....
.......<..≈≈≈≈...
.......$.......##.
...........##.....
..>....pC{........
..........@......#
.................#
.............#...#
.............# ..#
.........>..# ..
≈...........#
....##...... .≈.
.......#


You could see a frost giant and a hell knight (fast).

Vanquished Creatures
  Jorgrun (Orc:2)
  The ghost of Loefaen the Warrior, an adept OgGl of Okawaru (D:14)
  A frost giant (D:15)
  A very ugly thing (D:15)
  Nessos (D:13)
  Azrael (D:14)
  2 stone giants
  A fire dragon (D:15)
  Snorg (Orc:2)
  Josephine (Orc:2)
  A rakshasa (D:14)
  The ghost of supermoro the Fighter, a journeyman GrFi of Gozag (Lair:2)
  Erolcha (Orc:2)
  7 hydras
  5 ogre magi
  4 boulder beetles
  Erica (D:11)
  4 centaur warriors
  A deep troll shaman (D:15)
  2 catoblepae
  7 two-headed ogres
  A deep troll earth mage (Depths:1)
  2 tengu warriors (D:15)
  3 death yaks (Lair:6)
  3 hell knights (D:15)
  Urug (D:13)
  Nergalle (Orc:2)
  Sonja (D:10)
  An iron troll (D:15)
  8 deep trolls (D:15)
  A wizard (D:14)
  6 orc sorcerers (Orc:2)
  2 deep elf pyromancers (D:14)
  20 ugly things
  3 moths of wrath
  2 necromancers
  7 manticores
  7 cyclopes
  An elephant (shapeshifter) (D:14)
  Maurice (D:8)
  A black mamba (Lair:1)
  8 torpor snails
  18 cane toads
  A smoke demon (Gauntlet)
  Psyche (D:10)
  A komodo dragon (shapeshifter) (D:14)
  An unseen horror (D:11)
  9 komodo dragons
  2 kobold demonologists
  2 rime drakes
  8 polar bears
  6 trolls
  Grinder (D:5)
  6 hornets
  A blink frog (shapeshifter) (D:14)
  13 slime creatures
  34 blink frogs
  6 dream sheep
  A shadow (D:13)
  Sigmund (D:4)
  19 spriggans
  3 fire elementals (D:14)
  7 wraiths
  15 humans (D:13)
  58 yaks
  5 wyverns
  7 neqoxecs
  6 basilisks
  2 chaos spawn (Gauntlet)
  3 redbacks (Gauntlet)
  2 steam dragons
  A warg (Orc:1)
  8 vampire mosquitoes
  2 acid dragons
  15 water moccasins
  2 hell hounds (D:14)
  A meliai simulacrum (D:15)
  22 orc warriors
  A sky beast (D:6)
  10 black bears
  3 ice beasts
  13 ogres
  5 boggarts (Lair:6)
  11 centaurs
  53 wolves
  2 phantoms (D:4)
  2 kobold brigands
  5 bullfrogs
  2 elf zombies
  4 gnoll sergeants
  4 scorpions (D:5)
  A necrophage (D:4)
  2 elf skeletons (D:6)
  4 wights (D:8)
  14 killer bees
  9 howler monkeys
  3 vampire bats (Lair:3)
  2 crimson imps (Gauntlet)
  A centaur zombie (Ossuary)
  A human zombie (D:6)
  16 orc priests
  2 jellies
  4 quasits (D:14)
  3 hounds
  3 human skeletons (D:6)
  7 iguanas
  Natasha (D:3)
  46 orc wizards
  6 hell rats (Lair:6)
  2 mummies (Ossuary)
  9 gnolls
  6 adders
  A shadow imp (D:7)
  4 white imps
  An adder zombie (Ossuary)
  A worm (D:2)
  2 dart slugs
  107 orcs
  12 endoplasms
  3 giant cockroaches
  7 goblins
  4 hobgoblins
  3 jackals (D:2)
  17 kobolds
  5 quokkas
  3 training dummies (D:12)
  7 ball pythons
  11 bats
  3 frilled lizards
  2 goblin zombies (Ossuary)
  9 hobgoblin zombies (Ossuary)
  3 jackal zombies (Ossuary)
  9 kobold zombies (Ossuary)
  3 orc skeletons (D:6)
  10 orc zombies
  4 rats
  2 rat zombies (Ossuary)
905 creatures vanquished.

Vanquished Creatures (collateral kills)
  A minotaur (Gauntlet)
  An orc sorcerer (Orc:2)
  A spriggan (Lair:1)
  4 wolves (Lair:1)
7 creatures vanquished.

Vanquished Creatures (others)
  A meliai (shapeshifter) (D:13)
  A human (D:13)
  An orc (Orc:1)
  A frilled lizard (D:1)
  A kobold (D:9)
  7 demonic plants (Gauntlet)
  37 fungi
  21 plants
70 creatures vanquished.

Grand Total: 982 creatures vanquished

Notes
Turn   | Place    | Note
-------+----------+-------------------------------------------
     0 | D:1      | KristoblXynda the Draconian Monk began the quest for the
                  | Orb.
     0 | D:1      | Reached XP level 1. HP: 19/19 MP: 1/1
    31 | D:1      | Found Zopisk's Weapon Emporium.
   181 | D:1      | Reached XP level 2. HP: 26/26 MP: 2/2
   712 | D:1      | You fall into a shaft and drop 1 floor!
   718 | D:2      | Reached XP level 3. HP: 30/31 MP: 3/3
  1492 | D:2      | Reached skill level 4 in Long Blades
  1677 | D:2      | Reached XP level 4. HP: 35/40 MP: 4/4
  2139 | D:3      | Found a faded altar of an unknown god.
  2169 | D:3      | Noticed a black bear
  2285 | D:3      | Killed a black bear
  2286 | D:3      | Reached XP level 5. HP: 47/47 MP: 5/5
  2458 | D:3      | Noticed Natasha
  2465 | D:3      | Reached skill level 5 in Long Blades
  2467 | D:3      | Killed Natasha
  2755 | D:4      | Reached XP level 6. HP: 49/53 MP: 6/6
  3751 | D:4      | Reached skill level 5 in Fighting
  3907 | D:4      | Reached skill level 6 in Long Blades
  3907 | D:4      | Your scales start taking on a dull iron-grey colour.
  3907 | D:4      | Reached XP level 7. HP: 16/61 MP: 7/7
  4263 | D:4      | Noticed Sigmund
  4308 | D:4      | Killed Sigmund
  4754 | D:5      | Entered Level 5 of the Dungeon
  4776 | D:5      | Noticed Grinder
  4804 | D:5      | Killed Grinder
  4805 | D:5      | Reached skill level 7 in Long Blades
  5161 | D:5      | Reached skill level 5 in Dodging
  5164 | D:5      | Reached XP level 8. HP: 65/70 MP: 8/8
  5899 | D:5      | Reached skill level 8 in Long Blades
  6630 | D:6      | Found a staircase to the Ecumenical Temple.
  6812 | D:6      | Found Waekung's Weapon Shoppe.
  6849 | D:6      | Found Fuwemp's Assorted Antiques.
  6854 | D:6      | Bought a warped bone ring for 150 gold pieces
  6854 | D:6      | Identified the ring of Eriky {rElec rF+} (You bought it in
                  | a shop on level 6 of the Dungeon)
  6936 | D:6      | Found Giohec's Distillery.
  6957 | D:6      | Bought a potion of heal wounds for 55 gold pieces
  7028 | D:6      | Found a sand-covered staircase.
  7034 | Ossuary  | Entered an ossuary
  7427 | D:6      | Reached XP level 9. HP: 72/79 MP: 9/9
  7430 | D:6      | Reached skill level 1 in Shields
  7507 | D:6      | Reached skill level 9 in Long Blades
  7680 | D:6      | Found Puwnoona's Book Boutique.
  7999 | Temple   | Entered the Ecumenical Temple
  8679 | D:7      | Found a broken altar of Ashenzari.
  8680 | D:7      | Found a shadowy altar of Dithmenos.
  8680 | D:7      | Found a shimmering blue altar of Sif Muna.
  8682 | D:7      | Found a burning altar of Makhleb.
  8684 | D:7      | Found an opulent altar of Gozag.
  8688 | D:7      | Became a worshipper of Gozag Ym Sagoz the Greedy
  9316 | D:8      | Reached skill level 10 in Long Blades
  9321 | D:8      | Noticed Maurice
  9333 | D:8      | Killed Maurice
  9460 | D:8      | Noticed a komodo dragon
  9481 | D:8      | Reached XP level 10. HP: 88/88 MP: 10/10
  9514 | D:8      | Found a staircase to the Lair.
 10062 | Lair:1   | Entered Level 1 of the Lair of Beasts
 10062 | Lair:1   | Noticed a black mamba
 10170 | D:9      | Noticed a two-headed ogre
 10179 | D:9      | Killed a two-headed ogre
 10803 | D:9      | Reached skill level 5 in Shields
 10966 | D:9      | Found a blossoming altar of Fedhas.
 11012 | D:9      | Found Heiziux's Jewellery Shop.
 11022 | D:9      | Bought an amulet of reflection for 330 gold pieces
 11064 | D:9      | Reached skill level 11 in Long Blades
 11502 | D:9      | Reached skill level 1 in Evocations
 11708 | D:10     | Entered Level 10 of the Dungeon
 11708 | D:10     | Noticed Sonja
 12016 | D:10     | Killed Sonja
 12078 | D:10     | Reached XP level 11. HP: 99/99 MP: 11/11
 12590 | D:10     | Found Larribb's Jewellery Boutique.
 12599 | D:10     | Bought the ring "Taxog" {EV+4 Int+3} for 739 gold pieces
 12607 | D:10     | Learned a level 4 spell: Fulminant Prism
 12740 | D:10     | Noticed Psyche
 12762 | D:10     | Killed Psyche
 13786 | D:11     | Noticed a seven-headed hydra
 13936 | D:12     | Noticed a six-headed hydra
 14134 | D:12     | Reached skill level 10 in Fighting
 14263 | D:12     | Noticed a two-headed ogre
 14275 | D:12     | Killed a two-headed ogre
 14863 | D:12     | Found Serhyhun's Firing Range.
 14868 | D:12     | Bought a throwing net for 33 gold pieces
 14902 | D:12     | Noticed a two-headed ogre
 14917 | D:12     | Killed a two-headed ogre
 15690 | D:11     | Noticed a boulder beetle
 15727 | D:11     | Killed a boulder beetle
 15962 | D:11     | Reached skill level 12 in Long Blades
 16056 | D:11     | Found a staircase to the Orcish Mines.
 16099 | D:11     | Reached skill level 5 in Evocations
 16532 | D:12     | Noticed a purple ugly thing
 16550 | D:12     | Killed a purple ugly thing
 16756 | D:12     | Reached skill level 1 in Conjurations
 16763 | D:12     | Reached XP level 12. HP: 81/110 MP: 12/12
 17054 | D:13     | Noticed Nessos
 17059 | D:13     | Noticed a two-headed ogre
 17114 | D:13     | Killed a two-headed ogre
 17129 | D:13     | Noticed Urug
 17188 | D:13     | Killed Urug
 17207 | D:13     | Reached skill level 10 in Dodging
 17228 | D:13     | Killed Nessos
 17539 | D:13     | Noticed a boulder beetle
 17565 | D:13     | Reached skill level 13 in Long Blades
 17965 | D:13     | Killed a boulder beetle
 18258 | D:13     | Found a gate to the Vaults.
 18285 | D:13     | Noticed a centaur warrior
 18301 | D:13     | Killed a centaur warrior
 18304 | D:13     | Reached skill level 5 in Conjurations
 18926 | D:14     | Found a transporter.
 19101 | D:14     | Reached XP level 13. HP: 55/116 MP: 13/13
 20064 | D:14     | Noticed Loefaen's ghost (adept OgGl)
 20082 | D:14     | Found a transporter.
 20675 | D:14     | Noticed Azrael
 20716 | D:14     | Killed Azrael
 20717 | D:14     | Reached skill level 14 in Long Blades
 21202 | D:15     | Entered Level 15 of the Dungeon
 21601 | D:15     | Found a gate leading to a gauntlet.
 21613 | Gauntlet | Entered a Gauntlet
 21613 | Gauntlet | Found a transporter.
 21613 | Gauntlet | Found a transporter.
 21613 | Gauntlet | Found a transporter.
 21634 | Gauntlet | Found a transporter.
 21644 | Gauntlet | Found a transporter.
 21647 | Gauntlet | Found a transporter.
 21657 | Gauntlet | Found a transporter.
 21657 | Gauntlet | Found the +7 Spriggan's Knife {stab, EV+4 Stlth+}
 21678 | Gauntlet | Found a transporter.
 21678 | Gauntlet | Noticed an entropy weaver
 21693 | Gauntlet | Found a transporter.
 21696 | Gauntlet | Found a transporter.
 21700 | Gauntlet | Found a runed translucent door.
 21700 | Gauntlet | Found a runed translucent door.
 21704 | Gauntlet | Found a transporter.
 21711 | Gauntlet | Found a transporter.
 21818 | Gauntlet | Identified the +0 cloak "Ryzewaud" {rElec rC+ rCorr}
 22181 | Gauntlet | Identified the ring "Qetatim" {rC+ Will+ Str-3 Int+6
                  | Slay+3}
 22181 | Gauntlet | Noticed a minotaur
 22193 | Gauntlet | Killed a minotaur
 22937 | D:15     | Reached XP level 14. HP: 76/124 MP: 14/14
 23722 | D:15     | Found a staircase to the Depths.
 23722 | D:15     | Noticed a frost giant
 23729 | D:15     | Killed a frost giant
 24537 | D:12     | Reached skill level 10 in Evocations
 24941 | D:11     | Noticed Erica
 24951 | D:11     | Killed Erica
 26394 | Lair:2   | Found a staircase to the Shoals.
 26439 | Lair:2   | Found a transporter.
 26446 | Lair:2   | Found a bloodstained altar of Trog.
 26448 | Lair:2   | Noticed supermoro's ghost (journeyman GrFi)
 26560 | Lair:2   | Found a transporter.
 26797 | Lair:2   | Reached skill level 15 in Long Blades
 27079 | Lair:2   | Found a hole to the Spider Nest.
 27433 | Lair:3   | You fall into a shaft and drop 3 floors!
 27433 | Lair:6   | Entered Level 6 of the Lair of Beasts
 28346 | Lair:6   | Reached XP level 15. HP: 117/129 MP: 15/15
 28707 | Lair:6   | Identified a scroll of acquirement
 28829 | Lair:6   | Reached skill level 10 in Shields
 29035 | Lair:6   | Acquired a +2 kite shield of protection
 29414 | Lair:6   | Identified the +5 shortbow of Uschucw Impo {venom, rElec
                  | rF++ Int+4 Dex-3}
 29729 | Lair:6   | Identified the +9 hand crossbow of Extermination {freeze,
                  | rN+ MP-9 Str+2 SInv}
 30435 | Lair:5   | Reached skill level 16 in Long Blades
 30492 | Lair:5   | Found a viscous altar of Jiyva.
 30492 | Lair:5   | Found a staircase to the Slime Pits.
 32111 | Lair:4   | Found a snail-covered altar of Cheibriados.
 32892 | Lair:3   | Found the +3 pair of mountain boots {rDislodge, rC+}
 33649 | Lair:2   | Acquired 894 gold pieces
 33817 | Orc:1    | Entered Level 1 of the Orcish Mines
 34411 | Orc:1    | Found a transporter.
 34602 | Orc:1    | Found a transporter.
 34647 | Orc:2    | Entered Level 2 of the Orcish Mines
 34811 | Orc:2    | Found a staircase to the Elven Halls.
 34916 | Orc:2    | Noticed Josephine
 34934 | Orc:2    | Noticed Snorg
 34967 | Orc:2    | Killed Snorg
 34968 | Orc:2    | Killed Josephine
 35365 | Orc:2    | Found an ancient bone altar of Kikubaaqudgha.
 35366 | Orc:2    | Noticed Nergalle
 35366 | Orc:2    | Noticed Jorgrun
 35377 | Orc:2    | Killed Nergalle
 35383 | Orc:2    | Killed Jorgrun
 35409 | Orc:2    | Noticed Erolcha
 35425 | Orc:2    | Killed Erolcha
 35429 | Orc:2    | Found a radiant altar of Vehumet.
 35668 | Orc:2    | Found Goage's Antique Armour Shop.
 35678 | Orc:2    | Found Laxoepp's Book Boutique.
 35691 | Orc:2    | Found Geuntoots's Distillery.
 35726 | Orc:2    | Bought a potion of resistance for 150 gold pieces
 35726 | Orc:2    | Bought a potion of haste for 150 gold pieces
 35726 | Orc:2    | Bought a potion of resistance for 150 gold pieces
 35726 | Orc:2    | Bought a potion of might for 60 gold pieces
 35757 | Orc:2    | Reached XP level 16. HP: 135/139 MP: 16/16
 35812 | Orc:2    | Found Ucaprinn's Magic Scroll Shop.
 35820 | Orc:2    | Bought a scroll of blinking for 90 gold pieces
 35820 | Orc:2    | Bought a scroll of enchant armour for 90 gold pieces
 36636 | Lair:2   | Gained mutation: You are robust. (+10% HP) [potion of
                  | mutation]
 36636 | Lair:2   | Gained mutation: Your tail ends in a venomous barb. [potion
                  | of mutation]
 36636 | Lair:2   | Gained mutation: You have a beak for a mouth. [potion of
                  | mutation]
 36636 | Lair:2   | Gained mutation: You expend magic power (3 MP) to
                  | strengthen your wands. [potion of mutation]
 36720 | Lair:2   | Killed supermoro's ghost
 36755 | Lair:2   | Identified the +7 scimitar of Bursted True Grit {vamp, rC+
                  | Will+}
 37070 | D:14     | Gained mutation: You occasionally shout uncontrollably at
                  | your foes. [a neqoxec]
 37080 | D:14     | Lost mutation: You are robust. (+10% HP) [a neqoxec]
 37081 | D:14     | Gained mutation: Your spells are a little easier to cast,
                  | but a little less powerful. [a neqoxec]
 37085 | D:14     | Gained mutation: You are weak. (Str -2) [a neqoxec]
 37087 | D:14     | Gained mutation: You do not regenerate when monsters are
                  | visible. [a neqoxec]
 37089 | D:14     | Gained mutation: You frequently scream uncontrollably at
                  | your foes. [a neqoxec]
 37094 | D:14     | Gained mutation: You are very weak. (Str -4) [a neqoxec]
 37105 | D:14     | Gained mutation: Your body sometimes deteriorates upon
                  | taking damage. [a neqoxec]
 37106 | D:14     | Gained mutation: You are frail. (-10% HP) [a neqoxec]
 37113 | D:14     | Killed Loefaen's ghost
 37124 | D:14     | Gained mutation: You tend to lose your temper in combat. [a
                  | neqoxec]
 37171 | D:14     | Got the ring "Icryl" {*Corrode rC+ Will+ Int+6 Dex+3}
 37174 | D:14     | Identified the ring "Luegrig" {Fly rElec rC- Dex+7 Stlth-}
 37202 | D:14     | Lost mutation: Your tail ends in a venomous barb. [potion
                  | of mutation]
 37202 | D:14     | Lost mutation: You have a beak for a mouth. [potion of
                  | mutation]
 37202 | D:14     | Gained mutation: You have a pair of small antennae on your
                  | head. [potion of mutation]
 37202 | D:14     | Lost mutation: Your spells are a little easier to cast, but
                  | a little less powerful. [potion of mutation]
 37202 | D:14     | Gained mutation: Your tail ends in a venomous barb. [potion
                  | of mutation]
 37203 | D:14     | Lost mutation: You are very weak. (Str -4) [potion of
                  | mutation]
 37203 | D:14     | Lost mutation: You frequently scream uncontrollably at your
                  | foes. [potion of mutation]
 37203 | D:14     | Lost mutation: You do not regenerate when monsters are
                  | visible. [potion of mutation]
 37203 | D:14     | Gained mutation: You are agile. (Dex +4, Int/Str-1) [potion
                  | of mutation]
 37204 | D:14     | Lost mutation: You are frail. (-10% HP) [potion of
                  | mutation]
 37204 | D:14     | Lost mutation: You expend magic power (3 MP) to strengthen
                  | your wands. [potion of mutation]
 37204 | D:14     | Lost mutation: You occasionally shout uncontrollably at
                  | your foes. [potion of mutation]
 37204 | D:14     | Gained mutation: You have an increased reservoir of magic.
                  | (+10% MP) [potion of mutation]
 37204 | D:14     | Lost mutation: You are agile. (Dex +4, Int/Str-1) [potion
                  | of mutation]
 37204 | D:14     | Gained mutation: You have sharp toenails. [potion of
                  | mutation]
 37205 | D:14     | Lost mutation: You have an increased reservoir of magic.
                  | (+10% MP) [potion of mutation]
 37205 | D:14     | Lost mutation: You have sharp toenails. [potion of
                  | mutation]
 37205 | D:14     | Gained mutation: Your tail ends in a sharp venomous barb.
                  | [potion of mutation]
 37205 | D:14     | Lost mutation: You tend to lose your temper in combat.
                  | [potion of mutation]
 37205 | D:14     | Lost mutation: You are weak. (Str -2) [potion of mutation]
 37308 | Depths:1 | Entered Level 1 of the Depths
 37542 | D:15     | HP: 2/139 [deep troll (24)]
 37564 | D:15     | Reached skill level 17 in Long Blades
 38202 | Depths:1 | Killed from afar by a vampire knight

Illustrated notes

Levels and vault maps discovered:
D:1:      roderic_chinese_lattice_arrival, layout_basic, serial_shops,
          nicolae_shop_trees, minmay_ruptured
D:2:      layout_loops_ring
D:3:      layout_rooms, ebering_ecumenical_altar_mist, uniq_natasha
D:4:      layout_loops_corners, grunt_ministairs_12, kennysheep_dice,
          uniq_sigmund
D:5:      minmay_polygon_palace, layout_loops_ring, uniq_grinder
D:6:      layout_rooms, minmay_temple_entry_crystal_x, serial_shops,
          nicolae_square_shop, nicolae_shop_hallway_plus, shop,
          kennysheep_mini_moat, nicolae_ossuary_entry_catacombs
D:7:      layout_loops_ring, minitemple
D:8:      layout_basic, david_lair_shrubbed, uniq_maurice
D:9:      layout_irregular_city, mainiacjoe_overflow_six_doors_small,
          serial_shops, nicolae_stop_n_shop_2
D:10:     layout_layer_cave, serial_shops, nicolae_shop_crystal, billiards_dpeg,
          uniq_sonja, uniq_psyche
D:11:     layout_long_grid, kennysheep_orc_monster_closet_entryway, uniq_erica
D:12:     layout_grid_maze, nicolae_shop_firing_range
D:13:     layout_cave_pods, david_vaults_3
D:14:     minmay_open_boxes_in_corner, layout_loops_corners,
          gammafunk_ghost_stat_death, serial_park_square2, uniq_azrael
D:15:     grunt_enter_depths_snipers, layout_loops_cross, nrook_campfire,
          gauntlet_entry_generic, grunt_decor_clamped
Temple:   nicolae_temple_elliptical
Lair:1:   layout_cellular_growth, grunt_forest_large_clearings
Lair:2:   layout_chaotic_city, shoals_dummy_entry, dummy_spider_entry,
          gammafunk_ghost_wrathful_warriors
Lair:3:   layout_roguey, roderic_batcave
Lair:4:   layout_regular_city, kennysheep_snail_temple
Lair:5:   layout_regular_city, slime_altar_1, cheibrodos_lair_lostbears,
          grunt_megastairs_2, serial_bayou_shore_b
Lair:6:   minmay_lair_end_enchanted_forest, layout_gridlike
Orc:1:    gammafunk_beogh_shrine, layout_caves, mines4_lemuel
Orc:2:    kennysheep_orc_mage_school, layout_diamond_mine, basic_altar,
          uniq_urug, uniq_snorg, uniq_jorgrun, uniq_josephine
Depths:1: layout_cave_pools, hell_entry, nicolae_abyss_entry_one_way_or_another,
          kennysheep_just_a_vault, serial_bayou_shore_b

Skill      XL: |  1  2  3  4  5  6  7  8  9 10 11 12 13 14 15 16 |
---------------+-------------------------------------------------+-----
Dodging        | 3 4 5 6 8 9 10 11 13 14 | 14.5
Long Blades    | 4 5 6 7 8 10 11 12 13 14 15 16 17 | 17.1
Fighting       | 4 5 6 7 8 9 11 12 | 12.8
Shields        | 3 5 7 9 11 12 | 12.1
Evocations     | 2 5 7 9 10 | 10.2
Conjurations   | 1 5 |  5.0
Stealth        | |  1.7

Action                   |  1- 3 |  4- 6 |  7- 9 | 10-12 | 13-15 | 16-18 || total
-------------------------+-------+-------+-------+-------+-------+-------++-------
Melee: Falchion          |   112 |   174 |   356 |       |       |       ||   642
       Tailslap          |     9 |    25 |   107 |   196 |   363 |    78 ||   778
       Punch             |       |     4 |     4 |       |       |       ||     8
       Long sword        |       |       |   266 |    16 |       |       ||   282
       Scimitar          |       |       |       |  1015 |  1933 |   359 ||  3307
       Peck              |       |       |       |       |       |    33 ||    33
Throw: Throwing net      |       |       |       |     2 |       |       ||     2
Evoke: Wand              |       |     5 |     4 |    13 |    10 |     3 ||    35
       Box of beasts     |       |       |       |       |     2 |       ||     2
       Tin of tremorston |       |       |       |       |     2 |       ||     2
  Use: Scroll            |       |     4 |     8 |    10 |    19 |     3 ||    44
       Potion            |       |     2 |     5 |     9 |     7 |     9 ||    32
 Stab: Sleeping          |     5 |     2 |     9 |     4 |     6 |       ||    26
       Distracted        |     1 |     1 |       |     9 |    14 |     4 ||    29
       Invisible         |       |       |     4 |     3 |     3 |       ||    10
       Held in net/web   |       |       |       |     1 |       |       ||     1
       Paralysed         |       |       |       |       |     1 |       ||     1
       Petrified         |       |       |       |       |     2 |       ||     2
Armor: Skin              |    39 |    39 |   183 |   191 |   326 |   122 ||   900
Dodge: Dodged            |    76 |   112 |   412 |   618 |   958 |   300 ||  2476
Block: Buckler           |       |       |    69 |   480 |    53 |       ||   602
       Reflection        |       |       |       |    19 |    12 |     1 ||    32
       Kite shield       |       |       |       |       |  1387 |   405 ||  1792

Table legend: (Time is in decaauts)
 A = Elapsed time spent in this place.
 B = Non-inter-level travel time spent in this place.
 C = Inter-level travel time spent in this place.
 D = Time resting spent in this place.
 E = Time spent auto-exploring this place.
 F = Levels seen in this place.
 G = Mean time per level.
                   A        B        C        D        E       F      G
               +--------+--------+--------+--------+--------+-----+--------+
         Total |  37719 |  36020 |   1699 |   9779 |  18507 |  27 | 1397.0 |
       Dungeon |  25149 |  24008 |   1141 |   7118 |  12305 |  15 | 1676.6 |
        Temple |    156 |    134 |     22 |      0 |    118 |   1 |  156.0 |
          Lair |   8799 |   8377 |    422 |   1831 |   4662 |   6 | 1466.5 |
  Orcish Mines |   2422 |   2308 |    114 |    352 |   1282 |   2 | 1211.0 |
        Depths |     67 |     67 |      0 |      0 |      0 |   1 |   67.0 |
       Ossuary |    351 |    351 |      0 |     38 |    121 |   1 |  351.0 |
      Gauntlet |    773 |    773 |      0 |    440 |     19 |   1 |  773.0 |
               +--------+--------+--------+--------+--------+-----+--------+

Top non-repeatable levels by time:
  Lair:6: 2851 daAuts
    D:15: 2822 daAuts
    D:12: 2619 daAuts
    D:14: 2473 daAuts
    D:13: 2274 daAuts
     D:4: 2030 daAuts
     D:9: 1858 daAuts
    D:10: 1781 daAuts
     D:5: 1703 daAuts
   Orc:2: 1587 daAuts
    D:11: 1585 daAuts
  Lair:4: 1432 daAuts
  Lair:2: 1283 daAuts
  Lair:1: 1188 daAuts
  Lair:5: 1180 daAuts
